 Dungeon Crawl Stone Soup version 0.30.1-3-gfc49f6343a (webtiles) character file.

Game seed: 11937980131580276547

249 zeram the Covered (level 6, -1/38 HPs)
             Began as a Gargoyle Fighter on Aug 2, 2023.
             Killed from afar by a steam dragon (15 damage)
             ... with a ball of steam
             ... on level 3 of the Dungeon.
             The game lasted 00:02:48 (1760 turns).

zeram the Covered (Gargoyle Fighter)                Turns: 1760, Time: 00:02:48

Health: -1/38      AC: 11    Str: 21    XL:     6   Next: 12%
Magic:  6/6        EV:  9    Int:  9    God:
Gold:   181        SH:  4    Dex:  9    Spells: 5/5 levels left

rFire   . . .        a - +0 flail
rCold   . . .        c - +0 buckler
rNeg    + . .        b - +0 scale mail
rPois   ∞            (no helmet)
rElec   +            (no cloak)
rCorr   .            (no gloves)
SInv    .            (no boots)
Will    .....        (no amulet) Stlth
                     (no ring)
HPRegen 0.26/turn    (no ring)
MPRegen 0.10/turn

%: no passive effects
@: no status effects
A: sickness immunity, AC +4, negative energy resistance 1, electricity
resistance, torment resistance 1, petrification resistance
a: no special abilities


You were on level 3 of the Dungeon.
You visited 1 branch of the dungeon, and saw 3 of its levels.

You collected 181 gold pieces.

Inventory:

Hand Weapons
 a - a +0 flail (weapon)
Armour
 b - a +0 scale mail (worn)
 c - a +0 buckler (worn)
Scrolls
 h - a scroll of teleportation
Potions
 d - a potion of heal wounds {unknown}
 e - a potion of magic {unknown}
 f - 2 potions of mutation
 g - a potion of attraction {unknown}
 i - a potion of haste {unknown}
 j - 4 potions of resistance {unknown}


   Skills:
 + Level 4.3 Fighting
 + Level 3.4 Maces & Flails
 + Level 4.9 Armour
 + Level 1.0 Dodging
 + Level 0.5 Stealth
 + Level 4.1 Shields


You had 5 spell levels left.
You didn't know any spells.
Your spell library contained the following spells:

 Spells                   Type           Power      Damage    Failure   Level
 Call Canine Familiar     Summ           0%         N/A       98%         3
 Ignite Poison            Fire/Tmut/Pois 0%         N/A       98%         3
 Portal Projectile        Hex/Tloc       0%         N/A       98%         3
 Leda's Liquefaction      Hex/Erth       0%         N/A       100%        4
 Freezing Cloud           Conj/Ice/Air   0%         6-21      100%        5
 Cigotuvi's Dreadful Rot  Necr/Pois/Air  Unusable   N/A       N/A         2

Dungeon Overview and Level Annotations

Branches:
Dungeon (3/15)

Altars:

Shops:
D:1 (   D:2 [


Innate Abilities, Weirdness & Mutations

You are immune to sickness and miasma.
Your stone body is resilient. (AC +4)
You are immune to poison.
You resist negative energy. (rN+)
You are resistant to electric shocks. (rElec)
You are resistant to unholy torment.
You are immune to petrification.


Message History

No target in view!
No target in view!
No target in view!
No target in view!
No target in view!
No target in view!
No target in view!
No target in view!
No target in view!
No target in view!
No target in view!
No target in view!
Unknown command.
Unknown command.
Found a There-And-Back Book.
Okay, then.
You thump the steam dragon!
The steam dragon is moderately wounded.
You are engulfed in a cloud of scalding steam.
The steam dragon barely misses you. You block the steam dragon's attack.
You hit the steam dragon but do no damage.
The steam dragon is moderately wounded.
You are engulfed in a cloud of scalding steam.
The steam dragon bites you but does no damage.
The steam dragon claws you but does no damage.
The steam dragon bites you but does no damage.
The steam dragon claws you but does no damage.
You sock the steam dragon!
The steam dragon is severely wounded.
You are engulfed in a cloud of scalding steam.
The steam dragon closely misses you. The steam dragon barely misses you.
Unknown command.
You hit the steam dragon but do no damage.
The steam dragon is severely wounded.
The steam dragon completely misses you. The steam dragon barely misses you.
You barely miss the steam dragon.
The steam dragon is severely wounded.
The steam dragon breathes steam at you. The ball of steam hits you!
You die...

####### #.....# #
#.....#
###.########.....#######
:...:................[..
##......###.....#######
#.....@.# ####### #
#......D.# # ##..####.#
# #.. #.# # ♣. ### # #
##### #
#...#############
#................


You could see a steam dragon (catching breath).

Vanquished Creatures
  Sigmund (D:2)
  Jessica (D:2)
  Terence (D:2)
  2 adders (D:2)
  2 dart slugs (D:2)
  3 endoplasms
  A goblin (D:2)
  2 hobgoblins (D:2)
  A quokka (D:1)
  3 ball pythons
  7 bats
  3 frilled lizards
  3 kobolds
  2 rats
32 creatures vanquished.

Notes
Turn   | Place    | Note
-------+----------+-------------------------------------------
     0 | D:1      | zeram the Gargoyle Fighter began the quest for the Orb.
     0 | D:1      | Reached XP level 1. HP: 14/14 MP: 1/1
   386 | D:1      | Found Getwoj's Antique Weapon Emporium.
   396 | D:1      | Reached XP level 2. HP: 19/19 MP: 2/2
   432 | D:1      | Found a faded altar of an unknown god.
  1100 | D:2      | Noticed Sigmund
  1117 | D:2      | Killed Sigmund
  1118 | D:2      | Reached XP level 3. HP: 17/24 MP: 3/3
  1118 | D:2      | Reached XP level 4. HP: 20/29 MP: 4/4
  1118 | D:2      | Reached XP level 5. HP: 23/33 MP: 5/5
  1180 | D:2      | Noticed Terence
  1193 | D:2      | Killed Terence
  1222 | D:2      | Found Guahuzi's Armour Shop.
  1312 | D:2      | Noticed Jessica
  1325 | D:2      | Killed Jessica
  1326 | D:2      | Reached XP level 6. HP: 31/38 MP: 6/6
  1543 | D:2      | Reached skill level 1 in Dodging
  1753 | D:3      | Noticed a steam dragon
  1760 | D:3      | Killed from afar by a steam dragon

Illustrated notes

Levels and vault maps discovered:
D:1:      erik_arrival_cave_to_civilisation [erik_arrival_cave_to_hall],
          layout_basic, serial_shops, nicolae_shop_competitors_out_of_business,
          ebering_ecumenical_altar_sacrificial, interstate_on_off, minivault_25,
          serial_bayou_ford_a
D:2:      layout_rooms, serial_shops, shop, serial_corexii_hall,
          corexii_hall_statues_l, corexii_hall_statues_x,
          corexii_hall_statues_i, uniq_terence, uniq_sigmund, uniq_jessica
D:3:      layout_basic, serial_shops, shop, uniq_natasha, uniq_grinder,
          uniq_ijyb, uniq_crazy_yiuf_cottage

Skill      XL: |  1  2  3  4  5  6 |
---------------+-------------------+-----
Fighting       | 4 |  4.3
Maces & Flails | 3 |  3.4
Armour         | 4 |  4.9
Shields        | 4 |  4.1
Dodging        | 1 |  1.0
Stealth        | |  0.5

Action                     |  1- 3 |  4- 6 || total
---------------------------+-------+-------++-------
  Melee: Flail             |    58 |    66 ||   124
    Use: Scroll            |     1 |     3 ||     4
         Potion            |     1 |       ||     1
 Armour: Scale mail        |    40 |    50 ||    90
  Dodge: Dodged            |    29 |    26 ||    55
  Block: Buckler           |    13 |    10 ||    23
